 Dungeon Crawl Stone Soup version 0.23-b1 (webtiles) character file.

Game seed: 495593595048527122

13924 Jerry the Fighter (level 11, -9/139 HPs)
             Began as a Demonspawn Gladiator on Jan 30, 2019.
             Was an Initiate of Gozag.
             Mangled by a minotaur
             ... wielding the +9 glaive of Orphur {protect, +Blink rElec Str+4 Int-4}
              (28 damage)
             ... in a Gauntlet.
             The game lasted 00:42:35 (14866 turns).

Jerry the Fighter (Demonspawn Gladiator)           Turns: 14866, Time: 00:42:35

Health: -9/139     AC: 18    Str: 24    XL:     11   Next: 82%
Magic:  3/3        EV: 15    Int: 10    God:    Gozag
Gold:   242        SH:  0    Dex: 20    Spells: 10/10 levels left

rFire    . . .     SeeInvis .   B - +4 long sword (antimagic)
rCold    . . .     Gourm    .   (no shield)
rNeg     + . .     Faith    .   w - +0 chain mail of the Dwarven Hall {Str+2}
rPois    .         Spirit   .   c - +1 helmet
rElec    .         Reflect  .   j - +1 cloak
rCorr    .         Harm     .   (no gloves)
MR       .....     NoTele   +   (boots unavailable)
Stlth    ..........             s - amulet of rage
HPRegen  0.33/turn              a - ring of positive energy
MPRegen  0.08/turn              J - ring of stealth

@: agile, berserking, studying Long Blades, very quick
A: hooves 3, slimy green scales 1, foul stench 1, powered by pain 1, rot
immunity
a: Potion Petition, Call Merchant, Bribe Branch, Renounce Religion, Evoke
Berserk Rage


You were in a Gauntlet.
You worshipped Gozag.
Gozag was aware of your devotion.
You were hungry.

You visited 2 branches of the dungeon, and saw 12 of its levels.
You also visited: Gauntlet.

You collected 1935 gold pieces.
You spent 1545 gold pieces at shops.
You paid 148 gold pieces to Gozag.

Inventory:

Hand Weapons
 B - a +4 antimagic long sword (weapon)
 M - a +2 short sword of draining
Missiles
 d - a throwing net (quivered)
Armour
 c - a +1 helmet (worn)
 j - a +1 cloak (worn)
 w - the +0 chain mail of the Dwarven Hall (worn) {Str+2}
   (You found it on level 6 of the Dungeon)

   It affects your strength (+2).
Jewellery
 a - a ring of positive energy (left hand)
 l - an uncursed ring of see invisible
 s - an amulet of rage (around neck)
 J - a ring of stealth (right hand)
 N - an uncursed ring of ice
Wands
 h - a wand of polymorph (5)
 m - a wand of digging (5)
 r - a wand of iceblast (19)
 y - a wand of acid (2)
 z - a wand of paralysis (7)
Scrolls
 g - a scroll of remove curse
 o - a scroll of teleportation
 x - a scroll of amnesia
 G - 2 scrolls of identify
 L - 2 scrolls of magic mapping
 O - a scroll of blinking
Potions
 b - a potion of might {unknown}
 e - a potion of berserk rage {unknown}
 i - 3 potions of lignification {unknown}
 k - 2 potions of cancellation {unknown}
 n - a potion of resistance {unknown}
 p - 4 potions of curing
 t - 4 potions of degeneration {unknown}
 A - a potion of mutation {unknown}
 C - a potion of haste {unknown}
 D - a potion of brilliance {unknown}
 F - a potion of invisibility {unknown}
 I - a potion of ambrosia {unknown}
 K - 2 potions of heal wounds {unknown}
 Q - a potion of magic {unknown}
Books
 q - a manual of Long Blades
Comestibles
 f - 14 rations


   Skills:
 + Level 11.2 Fighting
 + Level 10.9 Long Blades
 - Level 1.7 Throwing
 + Level 10.2 Armour
 - Level 2.6 Dodging


You had 10 spell levels left.
You didn't know any spells.
Your spell library contained the following spells:

 Spells                   Type           Power        Failure   Level  Hunger
 Corona                   Hex            #......      89%         1    ##.....
 Magic Dart               Conj           #...         89%         1    ##.....
 Blink                    Tloc           N/A          96%         2    ###....
 Call Imp                 Summ           #.......     96%         2    ###....
 Ensorcelled Hibernation  Hex/Ice        #.....       96%         2    ###....
 Slow                     Hex            #.......     96%         2    ###....
 Confuse                  Hex            #.......     99%         3    ####...
 Conjure Flame            Conj/Fire      #.......     99%         3    ####...
 Dazzling Spray           Conj/Hex       #.....       99%         3    ####...
 Mephitic Cloud           Conj/Pois/Air  #.......     99%         3    ####...
 Tukima's Dance           Hex            #.......     99%         3    ####...
 Bolt of Magma            Conj/Fire/Erth #.........   100%        5    ######.
 Iskenderun's Battlesphe  Conj/Chrm      #.......     100%        5    ######.
 Venom Bolt               Conj/Pois      #.........   100%        5    ######.
 Iron Shot                Conj/Erth      #.........   100%        6    #######
 Orb of Destruction       Conj           #.........   100%        7    #######
 Spellforged Servitor     Conj/Summ      #.........   100%        7    #######


Dungeon Overview and Level Annotations

Branches:
Dungeon (11/15)              Lair (1/6) D:11            Orc (0/2) D:11
 Temple: D:4-7

Altars:
Cheibriados
Gozag
Makhleb
Trog
Xom
Yredelemnul

Shops:
D:7 :   D:8 ?

Portals:
Trove: D:11 (give 10 potions of heal wounds)

Annotations:
D:7 2 transporters
D:9 1 runed translucent door, exclusion: 4 orange crystal statues Gauntlet 2 transporters


Innate Abilities, Weirdness & Mutations

You have hooves in place of feet.
You are partially covered in slimy green scales. (AC +2)
You may emit foul miasma when damaged in melee.
You sometimes gain a little power by taking damage.
You are immune to rotting.


Message History

You slash the minotaur!
You kick the minotaur, but do no damage.
The minotaur is lightly wounded.
You hit the minotaur but do no damage. You kick the minotaur.
The minotaur is moderately wounded.
The minotaur is engulfed in dark miasma.
The minotaur is poisoned.
The minotaur hits you with the +9 glaive of Orphur {protect, +Blink rElec Str+4 Int-4}!!
* * * LOW HITPOINT WARNING * * *
The minotaur closely misses you.
You hit the minotaur but do no damage.
You kick the minotaur, but do no damage.
The minotaur is moderately wounded.
You hit the minotaur. You kick the minotaur.
The minotaur is moderately wounded.
The minotaur is engulfed in dark miasma.
The minotaur looks even sicker.
The minotaur seems to slow down.
The minotaur hits you with the +9 glaive of Orphur {protect, +Blink rElec Str+4 Int-4}!!
You die...
Your body crumbles into a pile of gold.

#.w#.. #..###.##
##.##.!#..≈ #........
....^#.#..###..#.#...
......D#..#....# #.#
########..#©...# ..#
..........#....###.'
........∩.#....#..H#
########..#©...#.#.#####
.......#..#....#@#(....#
.#'###.#..###....H....8#
.#..≈#.#..≈##..###.##.##
.#.©≈#©#..###.........#
.#..≈#.#..≈##..#######
.#'###"#..######
.......#..≈#
########..##
..........≈#


You could see a minotaur.

Vanquished Creatures
  Fannar (D:10)
  A hydra (D:10)
  A ghost crab (Gauntlet)
  A death scarab (Gauntlet)
  An unseen horror (D:11)
  An oklob plant (D:11)
  An ugly thing (D:11)
  Maurice (D:11)
  An ice statue (D:9)
  2 trolls
  2 hippogriffs
  A spectral black mamba (Gauntlet)
  A ynoxinul (Gauntlet)
  Sigmund (D:2)
  3 wyverns
  3 yaks (D:10)
  A wraith (D:11)
  A spriggan (D:7)
  A vampire (D:8)
  An acid dragon (D:11)
  6 ice beasts
  6 sky beasts
  A hornet zombie (D:10)
  An eye of draining (D:9)
  4 ogres
  An orc warrior (D:11)
  5 centaurs
  A crocodile (Lair:1)
  A big kobold (D:10)
  A gnoll sergeant (D:11)
  8 bullfrogs
  A wyvern zombie (D:10)
  8 scorpions
  4 howler monkeys
  9 wights
  13 killer bees
  9 crimson imps
  A bullfrog zombie (D:11)
  4 centaur skeletons
  9 hounds
  4 centaur zombies
  4 jellies
  6 orc wizards
  A bullfrog skeleton (D:6)
  4 orc priests
  2 iguanas
  4 iron imps (Gauntlet)
  8 worker ants
  A hound zombie (D:9)
  2 hound skeletons
  2 worker ant zombies
  11 gnolls
  A howler monkey skeleton (D:8)
  9 adders
  4 shadow imps
  2 oozes
  3 adder zombies
  2 adder skeletons
  2 worms (D:4)
  3 dart slugs
  2 leopard geckos
  29 orcs
  8 bats
  3 giant cockroaches
  7 goblins
  A hobgoblin (D:1)
  6 jackals
  10 quokkas
  3 ball pythons
  2 frilled lizards
  16 kobolds
  A leopard gecko skeleton (D:5)
  8 rats
  8 fungi (D:5)
298 creatures vanquished.

Vanquished Creatures (others)
  2 plants (D:11)
  3 withered plants (Gauntlet)
5 creatures vanquished.

Grand Total: 303 creatures vanquished

Notes
Turn   | Place    | Note
-------+----------+-------------------------------------------
     0 | D:1      | Jerry the Demonspawn Gladiator began the quest for the Orb.
     0 | D:1      | Reached XP level 1. HP: 16/16 MP: 1/1
   155 | D:1      | Gained mutation: You have large cloven feet. [demonic
                  | ancestry]
   155 | D:1      | Reached XP level 2. HP: 12/22 MP: 2/2
   335 | D:1      | Found a snail-covered altar of Cheibriados.
   670 | D:1      | Reached skill level 1 in Armour
  1065 | D:2      | Gained mutation: You have hoof-like feet. [demonic
                  | ancestry]
  1065 | D:2      | Reached XP level 3. HP: 26/28 MP: 3/3
  1100 | D:2      | Noticed Sigmund
  1119 | D:2      | Killed Sigmund
  1119 | D:2      | Reached skill level 3 in Fighting
  1119 | D:2      | Gained mutation: You are immune to rotting. [demonic
                  | ancestry]
  1119 | D:2      | Reached XP level 4. HP: 6/36 MP: 4/4
  1119 | D:2      | Gained mutation: You may emit foul miasma when damaged in
                  | melee. [demonic ancestry]
  1119 | D:2      | Reached XP level 5. HP: 7/41 MP: 5/5
  2579 | D:3      | Reached skill level 4 in Fighting
  2579 | D:3      | Gained mutation: You sometimes gain a little power by
                  | taking damage. [demonic ancestry]
  2579 | D:3      | Reached XP level 6. HP: 48/48 MP: 6/6
  3158 | D:4      | Got an ancient war axe
  3373 | D:4      | Reached XP level 7. HP: 32/55 MP: 7/7
  3613 | D:5      | Entered Level 5 of the Dungeon
  3646 | D:5      | Reached skill level 5 in Fighting
  3646 | D:5      | Reached skill level 5 in Long Blades
  4408 | D:5      | Gained mutation: You have hooves in place of feet. [demonic
                  | ancestry]
  4408 | D:5      | Reached XP level 8. HP: 63/64 MP: 8/8
  4811 | D:5      | Reached skill level 6 in Fighting
  4848 | D:5      | Reached skill level 5 in Armour
  5579 | D:6      | Found an opulent altar of Gozag.
  5785 | D:6      | Found a burning altar of Makhleb.
  5903 | D:6      | Got a jewelled chain mail
  5904 | D:6      | Identified the +0 chain mail of the Dwarven Hall {Str+2}
                  | (You found it on level 6 of the Dungeon)
  6008 | D:7      | Found a transporter.
  6018 | D:7      | Noticed a hippogriff
  6018 | D:7      | Noticed a meliai
  6020 | D:7      | Found a transporter.
  6116 | D:7      | Reached skill level 7 in Fighting
  6124 | D:7      | Gained mutation: You are partially covered in slimy green
                  | scales. (AC +2) [demonic ancestry]
  6124 | D:7      | Reached XP level 9. HP: 44/72 MP: 1/9
  6292 | D:7      | Found Xyoz Pui's Book Boutique.
  6363 | D:7      | Found a basalt altar of Yredelemnul.
  6363 | D:7      | Found a bloodstained altar of Trog.
  6412 | D:6      | Became a worshipper of Gozag Ym Sagoz the Greedy
  7121 | D:8      | Reached skill level 8 in Fighting
  7414 | D:8      | Found Iweafy's Magic Scroll Shoppe.
  7524 | D:8      | Found a shimmering altar of Xom.
  7687 | D:8      | Noticed a troll
  7693 | D:8      | Killed a troll
  7693 | D:8      | Reached XP level 10. HP: 76/82 MP: 3/10
  8443 | D:9      | Reached skill level 9 in Fighting
  8633 | D:9      | Noticed an ice statue
  8768 | D:9      | Noticed an orange crystal statue
  8771 | D:9      | Found the +10 large shield of Ignorance {rN+ Int-4}
  8771 | D:9      | Found a runed translucent door.
  8783 | D:9      | Found a runed translucent door.
  9357 | D:10     | Entered Level 10 of the Dungeon
  9593 | D:10     | Noticed Fannar
  9636 | D:10     | Killed Fannar
  9931 | D:10     | Noticed a five-headed hydra
  9933 | D:10     | Reached skill level 10 in Fighting
 10245 | D:10     | Found a bloodstained altar of Trog.
 10385 | D:10     | Killed a five-headed hydra
 10385 | D:10     | Reached XP level 11. HP: 53/91 MP: 11/11
 10832 | D:11     | Noticed Maurice
 10851 | D:11     | Identified the +7 war axe of Blood {vamp, Int+3} (You found
                  | it on level 4 of the Dungeon)
 11398 | D:11     | Found a portal to a secret trove of treasure.
 11459 | D:11     | Found a staircase to the Orcish Mines.
 11540 | D:11     | Killed Maurice
 11606 | D:11     | Noticed a white ugly thing
 11616 | D:11     | Killed a white ugly thing
 12204 | D:11     | Killed an unseen horror
 12204 | D:11     | Reached skill level 10 in Long Blades
 12436 | D:11     | Noticed an oklob plant
 12703 | D:11     | Found a staircase to the Lair.
 13989 | D:9      | Noticed an orange crystal statue
 13989 | D:9      | Noticed an orange crystal statue
 13989 | D:9      | Noticed an orange crystal statue
 14269 | D:7      | Bought a manual of Long Blades for 1545 gold pieces
 14399 | D:11     | Killed an oklob plant
 14546 | Lair:1   | Entered Level 1 of the Lair of Beasts
 14559 | Lair:1   | Found a gate leading to a gauntlet.
 14621 | Gauntlet | Entered a Gauntlet
 14621 | Gauntlet | Found a transporter.
 14621 | Gauntlet | Found a transporter.
 14627 | Gauntlet | Found a transporter.
 14628 | Gauntlet | Found a transporter.
 14639 | Gauntlet | Reached skill level 11 in Fighting
 14641 | Gauntlet | Reached skill level 10 in Armour
 14656 | Gauntlet | Noticed a death scarab
 14664 | Gauntlet | Noticed a death scarab
 14691 | Gauntlet | Found a runed translucent door.
 14692 | Gauntlet | Found a transporter.
 14693 | Gauntlet | Found a transporter.
 14705 | Gauntlet | Killed a death scarab
 14748 | Gauntlet | Found a runed translucent door.
 14762 | Gauntlet | Found a runed translucent door.
 14769 | Gauntlet | Found a transporter.
 14769 | Gauntlet | Noticed a ghost crab
 14775 | Gauntlet | Killed a ghost crab
 14832 | Gauntlet | Noticed a six-headed hydra
 14836 | Gauntlet | Found a transporter.
 14854 | Gauntlet | Identified the +9 glaive of Orphur {protect, +Blink rElec
                  | Str+4 Int-4}
 14854 | Gauntlet | Noticed a minotaur
 14866 | Gauntlet | Mangled by a minotaur

Skill      XL: |  1  2  3  4  5  6  7  8  9 10 11 |
---------------+----------------------------------+-----
Long Blades    | 3 4 5 6 8 9 10 | 10.9
Armour         | 1 2 3 4 6 7 9 10 | 10.2
Fighting       | 3 4 5 7 8 10 11 | 11.2
Throwing       | |  1.7
Dodging        | |  2.6

Action                   |  1- 3 |  4- 6 |  7- 9 | 10-12 || total
-------------------------+-------+-------+-------+-------++-------
Melee: Long sword        |    58 |   118 |   410 |   480 ||  1066
       Kick              |    11 |    38 |   176 |   219 ||   444
       Short sword       |       |       |       |    18 ||    18
       Unarmed           |       |       |       |     9 ||     9
Throw: Throwing net      |     2 |     2 |     1 |       ||     5
 Abil: Evoke Berserk Rag |       |       |     1 |     5 ||     6
Evoke: Wand              |       |       |       |     4 ||     4
  Use: Scroll            |       |     4 |     6 |    12 ||    22
       Potion            |       |       |     4 |     2 ||     6
 Stab: Sleeping          |     2 |       |       |       ||     2
       Held in net/web   |       |     2 |       |       ||     2
       Distracted        |       |       |     1 |       ||     1
  Eat: Chunk             |     1 |     6 |     6 |       ||    13
       Ration            |       |       |     3 |     8 ||    11
Armor: Leather armour    |    13 |     4 |       |       ||    17
       Chain mail        |       |    53 |   223 |   269 ||   545
       Skin              |       |       |       |    36 ||    36
Dodge: Dodged            |    45 |    44 |   176 |   212 ||   477
       Rpst.: Long sword |     8 |    12 |    54 |    60 ||   134
